 Dungeon Crawl Stone Soup version 0.29.1-2-gbd0b4ee654 (webtiles) character file.

Game seed: 907500761091908433

297 MisterFreud the Covert (level 6, 0/53 HPs)
             Began as a Gnoll Delver on Nov 2, 2022.
             Succumbed to a scorpion's poison
             ... on level 4 of the Dungeon.
             The game lasted 00:00:56 (203 turns).

MisterFreud the Covert (Gnoll Delver)                Turns: 203, Time: 00:00:57

Health: 0/53       AC:  3    Str: 11    XL:     6   Next: 35%
Magic:  9/9        EV: 13    Int: 12    God:
Gold:   19         SH:  0    Dex: 13    Spells: 9/9 levels left

rFire   . . .      SeeInvis .   a - +0 short sword
rCold   . . .      Faith    .   (no shield)
rNeg    . . .      Spirit   .   b - +0 leather armour
rPois   .          Reflect  .   (no helmet)
rElec   .          Harm     .   (no cloak)
rCorr   .          Rampage  .   (no gloves)
Will    .....                   (no boots)
Stlth   ++++......              (no amulet)
HPRegen 0.17/turn               (no ring)
MPRegen 0.11/turn               (no ring)

@: lethally poisoned (0 -> -1), hasted, very quick
A: fangs 1, strong nose, distributed training
a: no special abilities


You were on level 4 of the Dungeon.
You visited 1 branch of the dungeon, and saw 3 of its levels.

You collected 19 gold pieces.

Inventory:

Hand Weapons
 a - a +0 short sword (weapon)
Armour
 b - a +0 leather armour (worn)
Jewellery
 h - a +6 ring of intelligence
Wands
 g - a wand of digging (3)
Scrolls
 c - a scroll of fog
 d - a scroll of magic mapping


   Skills:
 + Level 6.8 Fighting
 + Level 5.0 Short Blades
 + Level 2.0 Long Blades
 + Level 2.0 Axes
 + Level 2.0 Maces & Flails
 + Level 2.0 Polearms
 + Level 2.0 Staves
 + Level 2.0 Ranged Weapons
 + Level 2.0 Throwing
 + Level 2.0 Armour
 + Level 5.0 Dodging
 + Level 9.8 Stealth
 + Level 2.0 Shields
 + Level 2.0 Unarmed Combat
 + Level 2.0 Spellcasting
 + Level 1.6 Conjurations
 + Level 1.6 Hexes
 + Level 1.6 Summonings
 + Level 1.6 Necromancy
 + Level 1.6 Translocations
 + Level 1.6 Transmutations
 + Level 1.6 Fire Magic
 + Level 1.6 Ice Magic
 + Level 1.6 Air Magic
 + Level 1.6 Earth Magic
 + Level 1.6 Poison Magic
 + Level 2.2 Invocations
 + Level 2.0 Evocations


You had 9 spell levels left.
You didn't know any spells.
Your spell library was empty.

Dungeon Overview and Level Annotations

Branches:
Dungeon (6/15)
 Temple: D:4-7

Altars:

Shops:
D:6 *


Innate Abilities, Weirdness & Mutations

You have very sharp teeth.
Your uncanny sense of smell can sniff out nearby items.
Your experience applies equally to all skills.


Message History

The scorpion is moderately wounded.
The scorpion completely misses you.
You hit the scorpion but do no damage.
The scorpion is moderately wounded.
The scorpion stings you.
* * * LOW HITPOINT WARNING * * *
You are lethally poisoned!
The scorpion poisons you!
You hit the scorpion but do no damage.
The scorpion is lightly wounded.
* * * LOW HITPOINT WARNING * * *
You feel very sick. The scorpion misses you.
Okay, then.
Unknown command.
As you read the scroll of fear, it crumbles to dust.
You assume a fearsome visage.
The scorpion looks frightened!
* * * LOW HITPOINT WARNING * * *
You feel very sick.
* * * LOW HITPOINT WARNING * * *
You feel sick.
Found a dagger.
* * * LOW HITPOINT WARNING * * *
You feel sick.
You feel yourself speed up.
* * * LOW HITPOINT WARNING * * *
You feel sick.
* * * LOW HITPOINT WARNING * * *
You feel sick.
* * * LOW HITPOINT WARNING * * *
You feel sick.
A ball python comes into view.
* * * LOW HITPOINT WARNING * * *
You feel sick.
* * * LOW HITPOINT WARNING * * *
You feel sick.
The helpless ball python fails to defend itself.
You impale the ball python!!
You kill the ball python!
You die...

### ..# #.#
..####### #.#
#.....†.# #)#
##@###.## #.......#
#..###..##########
#..# #............
∆
.............#####.
###..######....#
#..# #..#.... #..#
##...### #.. ##.##


There were no monsters in sight!

Vanquished Creatures
  A steam dragon (D:6)
  An ice beast (D:5)
  A howler monkey (D:5)
  An orc wizard (D:6)
  3 orcs (D:6)
  A ball python (D:4)
8 creatures vanquished.

Notes
Turn   | Place    | Note
-------+----------+-------------------------------------------
     0 | D:5      | Reached skill level 9 in Stealth
     0 | D:5      | MisterFreud the Gnoll Delver began the quest for the Orb.
     0 | D:5      | Reached XP level 1. HP: 23/23 MP: 1/1
     1 | D:6      | Noticed an orc wizard
     1 | D:6      | Noticed a steam dragon
     1 | D:6      | Found Fecwad's Assorted Antiques.
     4 | D:6      | Killed an orc wizard
     5 | D:6      | Reached XP level 2. HP: 29/29 MP: 2/2
     5 | D:6      | Reached XP level 3. HP: 35/35 MP: 3/3
    12 | D:6      | Killed a steam dragon
    13 | D:6      | Reached skill level 1 in Long Blades
    13 | D:6      | Reached skill level 1 in Axes
    13 | D:6      | Reached skill level 1 in Maces & Flails
    13 | D:6      | Reached skill level 1 in Polearms
    13 | D:6      | Reached skill level 1 in Staves
    13 | D:6      | Reached skill level 1 in Ranged Weapons
    13 | D:6      | Reached skill level 1 in Throwing
    13 | D:6      | Reached skill level 1 in Armour
    13 | D:6      | Reached skill level 1 in Shields
    13 | D:6      | Reached skill level 1 in Unarmed Combat
    13 | D:6      | Reached skill level 1 in Spellcasting
    13 | D:6      | Reached skill level 1 in Conjurations
    13 | D:6      | Reached skill level 1 in Hexes
    13 | D:6      | Reached skill level 1 in Summonings
    13 | D:6      | Reached skill level 1 in Necromancy
    13 | D:6      | Reached skill level 1 in Translocations
    13 | D:6      | Reached skill level 1 in Transmutations
    13 | D:6      | Reached skill level 1 in Fire Magic
    13 | D:6      | Reached skill level 1 in Ice Magic
    13 | D:6      | Reached skill level 1 in Air Magic
    13 | D:6      | Reached skill level 1 in Earth Magic
    13 | D:6      | Reached skill level 1 in Poison Magic
    13 | D:6      | Reached skill level 1 in Invocations
    13 | D:6      | Reached skill level 1 in Evocations
    13 | D:6      | Reached XP level 4. HP: 41/41 MP: 3/6
    13 | D:6      | Reached XP level 5. HP: 47/47 MP: 3/7
   151 | D:5      | Noticed an ice beast
   158 | D:5      | Killed an ice beast
   159 | D:5      | Reached skill level 5 in Short Blades
   159 | D:5      | Reached skill level 5 in Dodging
   159 | D:5      | Reached XP level 6. HP: 53/53 MP: 8/8
   200 | D:4      | HP: 2/53 [poisoned by a scorpion]
   203 | D:4      | Succumbed to a scorpion's poison

Illustrated notes

Levels and vault maps discovered:
D:4:      layout_loops_ring, serial_shops, shop, serial_rivers,
          chequers_serial_rivers_room_a, chequers_serial_rivers_small_3,
          chequers_serial_rivers_micro_c, chequers_serial_rivers_small_a,
          chequers_serial_rivers_small_3
D:5:      layout_layer_cave, minmay_temple_entry_wispy, uniq_duvessa
D:6:      layout_loops_cross, tgw_kikubaaqudgha,
          nicolae_sif_muna_little_library, serial_shops, nicolae_stop_n_shop_2,
          minmay_hollow_rounded_squares, uniq_menkaure

Skill      XL: |  1  2  3  4  5  6 |
---------------+-------------------+-----
Stealth        | |  9.8
Long Blades    | 1 2 |  2.0
Axes           | 1 2 |  2.0
Maces & Flails | 1 2 |  2.0
Polearms       | 1 2 |  2.0
Staves         | 1 2 |  2.0
Ranged Weapons | 1 2 |  2.0
Throwing       | 1 2 |  2.0
Armour         | 1 2 |  2.0
Shields        | 1 2 |  2.0
Unarmed Combat | 1 2 |  2.0
Spellcasting   | 1 2 |  2.0
Conjurations   | 1 |  1.6
Hexes          | 1 |  1.6
Summonings     | 1 |  1.6
Necromancy     | 1 |  1.6
Translocations | 1 |  1.6
Transmutations | 1 |  1.6
Fire Magic     | 1 |  1.6
Ice Magic      | 1 |  1.6
Air Magic      | 1 |  1.6
Earth Magic    | 1 |  1.6
Poison Magic   | 1 |  1.6
Invocations    | 1 2 |  2.2
Evocations     | 1 2 |  2.0
Short Blades   | 5 |  5.0
Dodging        | 5 |  5.0
Fighting       | |  6.8

Action                   |  1- 3 |  4- 6 || total
-------------------------+-------+-------++-------
Melee: Short sword       |     5 |    26 ||    31
       Bite              |       |     2 ||     2
  Use: Scroll            |       |     1 ||     1
       Potion            |       |     1 ||     1
 Stab: Sleeping          |     5 |     2 ||     7
Armor: Leather armour    |       |     1 ||     1
Dodge: Dodged            |       |    14 ||    14
